 Dungeon Crawl Stone Soup version 0.28-a0-850-g09de17f5b5 (webtiles) character file.

Game seed: 14561275333531039615

697 funkygono the Thaumaturge (level 7, -1/36 HPs)
             Began as a Deep Elf Fire Elementalist on Nov 13, 2021.
             Was a Follower of Vehumet.
             Slain by Edmund (11 damage)
             ... on level 6 of the Dungeon.
             The game lasted 00:09:20 (5386 turns).

funkygono the Thaumaturge (DEFE)                    Turns: 5386, Time: 00:09:20

Health: -1/36      AC:  5    Str:  5    XL:     7   Next: 38%
Magic:  7/20       EV: 14    Int: 22    God:    Vehumet [*.....]
Gold:   167        SH:  0    Dex: 27    Spells: 9/22 levels left

rFire   . . .      SeeInvis .   k - +2 rapier (speed)
rCold   . . .      Faith    .   (no shield)
rNeg    . . .      Spirit   .   a - +0 robe
rPois   .          Reflect  .   (no helmet)
rElec   .          Harm     .   (no cloak)
rCorr   .          Rampage  .   c - +1 pair of gloves
Will    .....                   h - +0 pair of boots
Stlth   +++.......              (no amulet)
HPRegen 0.12/turn               e - +6 ring of dexterity
MPRegen 0.17/turn               l - +6 ring of dexterity

@: no status effects
A: no striking features
a: Renounce Religion


You were on level 6 of the Dungeon.
You worshipped Vehumet.
Vehumet was aware of your devotion.
You visited 1 branch of the dungeon, and saw 6 of its levels.

You collected 167 gold pieces.

Inventory:

Hand Weapons
 g - a +1 dagger of speed
 k - a +2 rapier of speed (weapon)
Missiles
 n - 23 stones
Armour
 a - a +0 robe (worn)
 b - a +0 crystal plate armour
 c - a +1 pair of gloves (worn)
 h - a +0 pair of boots (worn)
 j - a scarf of invisibility
Jewellery
 e - a +6 ring of dexterity (left hand)
 l - a +6 ring of dexterity (right hand)
 s - an amulet of faith
Wands
 m - a wand of polymorph (6)
 y - a wand of digging (6)
Scrolls
 f - 3 scrolls of immolation
 i - a scroll of magic mapping
 u - a scroll of fear
Potions
 d - a potion of brilliance {unknown}
 o - a potion of invisibility {unknown}
 p - a potion of attraction {unknown}
 q - a potion of ambrosia {unknown}
 r - a potion of berserk rage {unknown}
 t - a potion of cancellation {unknown}
 v - a potion of curing
 w - 2 potions of resistance {unknown}


   Skills:
 + Level 2.5 Dodging
 - Level 2.4 Stealth
 * Level 8.0 Spellcasting
 * Level 3.9 Conjurations
 * Level 5.9 Fire Magic


You had 9 spell levels left.
You knew the following spells:

 Your Spells              Type           Power      Damage    Failure   Level
a - Foxfire               Conj/Fire      100%       2x1d9     1%          1
b - Scorch                Fire           70%        2d8       1%          2
c - Conjure Flame         Conj/Fire      30%        6-21      3%          3
d - Flame Wave            Conj/Fire      30%        3d7       10%         4
e - Blink                 Tloc           16%        N/A       11%         2
f - Magic Dart            Conj           100%       1d8       1%          1

Your spell library contained the following spells:

 Spells                   Type           Power      Damage    Failure   Level
 Inner Flame              Hex/Fire       21%        N/A       7%          3
 Passwall                 Tmut/Erth      6%         N/A       11%         2
 Swiftness                Air            8%         N/A       22%         3
 Manifold Assault         Tloc           8%         N/A       90%         5
 Storm Form               Tmut/Air       4%         N/A       100%        7


Dungeon Overview and Level Annotations

Branches:
Dungeon (6/15)             Temple (0/1) D:5

Altars:
Sif Muna
Uskayaw
Vehumet
Xom

Shops:
D:2 =

Annotations:
D:4 exclusion: statue
D:6 Duvessa, Edmund


Message History

Confirm with . or Enter, or press ? or * to list all spells.
Flames lash Edmund.
Edmund is heavily wounded.
Edmund's fire resistance burns away.
You hear an angry hiss.
The foxfire hits Edmund but does no damage.
Edmund is heavily wounded.
The foxfire hits Edmund.
Edmund is burned terribly!
Edmund is severely wounded.
Edmund drinks a potion.
Edmund is healed!
Casting: Scorch (safe; 1% risk of failure)
Confirm with . or Enter, or press ? or * to list all spells.
You conjure some foxfire!
Edmund hits you with a +0 flail of holy wrath.
Casting: Foxfire (safe; 1% risk of failure)
Confirm with . or Enter, or press ? or * to list all spells.
Flames lash Edmund.
Edmund is burned terribly!
Edmund is severely wounded.
The foxfire hits Edmund but does no damage.
Edmund is severely wounded.
The foxfire hits Edmund but does no damage.
Edmund is severely wounded.
A water moccasin comes into view.
Edmund hits you with a +0 flail of holy wrath.
Duvessa, Sister of Dowan comes into view.
She is wielding a +0 short sword and wearing a +2 leather armour of willpower.
Casting: Scorch (safe; 1% risk of failure)
Confirm with . or Enter, or press ? or * to list all spells.
You conjure some foxfire!
Edmund is no longer more vulnerable to fire.
Edmund hits you with a +0 flail of holy wrath!
* * * LOW HITPOINT WARNING * * *
Duvessa says, "When magic and the sword combine, nothing stands against them."
The foxfire hits Edmund.
Edmund is almost dead.
The foxfire hits Edmund.
Edmund is almost dead.
Your magical contamination has completely faded away.
There is a stone staircase leading up here.
Edmund hits you with a +0 flail of holy wrath!
You die...

### #..# #..
#.# #..##
#..## #@S##
##@.# #.....#
#.........
#.........#
#...........#
#........)...
#)...........
#............


You could see Edmund and a water moccasin.

Vanquished Creatures
  An ice beast (D:5)
  A necrophage (D:4)
  A scorpion (D:5)
  A bullfrog zombie (D:4)
  4 hounds
  A jelly (D:5)
  A gnoll shaman (D:4)
  An iguana (D:5)
  A howler monkey zombie (D:5)
  8 gnolls (D:4)
  4 adders
  A white imp (D:5)
  2 worms (D:2)
  3 dart slugs (D:4)
  7 ball pythons
  6 endoplasms
  3 giant cockroaches
  5 goblins
  7 hobgoblins
  10 jackals
  5 quokkas
  5 bats
  6 frilled lizards
  5 kobolds
  9 rats
98 creatures vanquished.

Vanquished Creatures (others)
  391 foxfires
391 creatures vanquished.

Grand Total: 489 creatures vanquished

Notes
Turn   | Place    | Note
-------+----------+-------------------------------------------
     0 | D:1      | funkygono the Deep Elf Fire Elementalist began the quest
                  | for the Orb.
     0 | D:1      | Reached XP level 1. HP: 10/10 MP: 6/6
   299 | D:1      | Reached XP level 2. HP: 15/15 MP: 5/8
   564 | D:1      | Found a faded altar of an unknown god.
   578 | D:1      | Learned a level 2 spell: Scorch
   665 | D:1      | Reached XP level 3. HP: 19/19 MP: 2/10
   673 | D:1      | Learned a level 3 spell: Conjure Flame
  1054 | D:1      | Reached skill level 4 in Spellcasting
  1322 | D:2      | Found Olopag's Jewellery Emporium.
  1924 | D:2      | Found a radiant altar of Vehumet.
  1932 | D:2      | Became a worshipper of Vehumet
  2150 | D:3      | Reached XP level 4. HP: 24/24 MP: 8/12
  2784 | D:3      | Learned a level 4 spell: Flame Wave
  3003 | D:3      | Found a shimmering blue altar of Sif Muna.
  3111 | D:3      | Learned a level 2 spell: Blink
  3474 | D:4      | Reached skill level 5 in Spellcasting
  3474 | D:4      | Reached XP level 5. HP: 19/28 MP: 6/14
  3591 | D:4      | Noticed a necrophage
  3607 | D:4      | Killed a necrophage
  3608 | D:4      | Reached skill level 6 in Spellcasting
  3608 | D:4      | Reached XP level 6. HP: 26/32 MP: 7/17
  3761 | D:4      | Reached skill level 5 in Fire Magic
  4088 | D:4      | Found a radiant altar of Vehumet.
  4580 | D:4      | Found a hide-covered altar of Uskayaw.
  4621 | D:5      | Entered Level 5 of the Dungeon
  4700 | D:5      | Reached skill level 7 in Spellcasting
  4777 | D:5      | Reached XP level 7. HP: 36/36 MP: 12/19
  4800 | D:5      | Reached * piety under Vehumet
  4800 | D:5      | Offered knowledge of Magic Dart by Vehumet.
  4943 | D:5      | Found a shimmering altar of Xom.
  4970 | D:5      | Reached skill level 8 in Spellcasting
  4995 | D:5      | Found a staircase to the Ecumenical Temple.
  5345 | D:5      | Learned a level 1 spell: Magic Dart
  5372 | D:6      | Noticed Edmund
  5383 | D:6      | Noticed Duvessa
  5386 | D:6      | Slain by Edmund

Illustrated notes

Levels and vault maps discovered:
D:1:      dpeg_arrival_subterranean_lakeside_camping, layout_basic,
          hellmonk_ecumenical_altar_dog_temple
D:2:      layout_loops_ring, basic_altar, serial_shops, shop
D:3:      layout_basic, lemuel_blue_sif_altar, chequers_garden
D:4:      layout_basic, lemuel_doored_altar, vehumet_statue
D:5:      layout_cave_pools, mainiacjoe_overflow_small_starburst,
          minmay_temple_entry_ruins
D:6:      nicolae_whirlpool, layout_cave_pods,
          mainiacjoe_overflow_six_doors_small, lemuel_round_altar,
          serial_column_ruins, column_ruins_square_medium,
          column_ruins_open_small, column_ruins_corridor_water,
          column_ruins_open_medium_water, column_ruins_open_small, uniq_duvessa,
          uniq_edmund, uniq_blork_the_orc

Skill      XL: |  1  2  3  4  5  6  7 |
---------------+----------------------+-----
Fire Magic     | 4 5 |  5.9
Spellcasting   | 4 5 6 7 8 |  8.0
Conjurations   | 2 3 |  3.9
Dodging        | |  2.5
Stealth        | |  2.4

Action                   |  1- 3 |  4- 6 |  7- 9 || total
-------------------------+-------+-------+-------++-------
 Cast: Foxfire           |    95 |   102 |    27 ||   224
       Scorch            |     3 |    16 |     3 ||    22
  Use: Scroll            |     3 |     5 |     2 ||    10
Armor: Robe              |       |     3 |       ||     3
Dodge: Dodged            |     5 |    12 |       ||    17

Table legend: (Time is in decaauts)
 A = Elapsed time spent in this place.
 B = Non-inter-level travel time spent in this place.
 C = Inter-level travel time spent in this place.
 D = Time resting spent in this place.
 E = Time spent auto-exploring this place.
 F = Levels seen in this place.
 G = Mean time per level.
                   A        B        C        D        E       F      G
               +--------+--------+--------+--------+--------+-----+--------+
         Total |   5384 |   5275 |    109 |    224 |   4344 |   6 |  897.3 |
       Dungeon |   5384 |   5275 |    109 |    224 |   4344 |   6 |  897.3 |
               +--------+--------+--------+--------+--------+-----+--------+

Top non-repeatable levels by time:
     D:4: 1478 daAuts
     D:1: 1232 daAuts
     D:3: 995 daAuts
     D:2: 913 daAuts
     D:5: 748 daAuts
     D:6: 15 daAuts
